Map: Eastwatch LE

Players

Bawsk - Winner!

  • Race: Zerg Zerg
  • League: Gold
  • Spawn Location: 1:00

Reptilectrik

  • Race: Terran Terran
  • League: Platinum
  • Spawn Location: 7:00

VOD

Have the link to the VOD?

Description

The match that got me to plat

Time

  • Played on: Feb. 6, 2018, 11:02 p.m.
  • Length: 5:35
Show
View Real Time Build Order
Export as new Build Order

Bawsk Zerg - Winner!

Build Orders: Hatch First, Zergling Baneling 

Get SALT Encoding   

  12  0:01  Drone  
  13  0:13  Overlord  
  13  0:18  Drone  
  14  0:31  Drone x2  
  16  0:38  Drone  
  17  0:56  Hatchery  
  16  0:59  Drone  
  16  1:01  Extractor  
  16  1:04  Drone  
  17  1:17  Spawning Pool  
  16  1:23  Drone  
  17  1:30  Drone  
  17  1:32  Drone  
  19  1:40  Overlord  
  19  2:04  Zergling x2  
  19  2:05  Zergling x2  
  19  2:06  Queen  
  23  2:12  Queen  
  25  2:21  Drone x3  
  29  2:30  Drone  
  29  2:32  Metabolic Boost  
  29  2:43  Overlord  
  29  2:45  Drone x2  
  31  2:52  Queen  
  33  2:59  Drone x3  
  36  3:09  Baneling Nest  
  35  3:16  Zergling x2  
  35  3:17  Zergling x6  
  39  3:22  Overlord x2  
  39  3:37  Zergling x10  
  45  3:55  Zergling x2  
  45  3:56  Zergling x10  
  50  4:11  Baneling x2  
  50  4:12  Baneling x5  
  50  4:13  Baneling  
  50  4:15  Hatchery  
  49  4:25  Overlord x2  
  49  4:33  Extractor  
  49  4:35  Extractor  
  42  5:08  Zergling x2  
  42  5:09  Zergling x26  
Show
View Real Time Build Order
Export as new Build Order

Reptilectrik Terran 

Build Orders:  

Get SALT Encoding   

  12  0:00  SCV  
  13  0:13  SCV  
  14  0:18  Supply Depot  
  14  0:25  SCV  
  15  0:29  Refinery  
  15  0:39  SCV  
  15  0:41  Barracks  
  16  0:51  SCV, Refinery  
  17  1:09  SCV  
  18  1:21  SCV  
  19  1:33  Barracks Reactor  
  19  1:35  Orbital Command  
  19  1:51  Command Center  
  19  2:05  Supply Depot  
  19  2:06  SCV  
  20  2:09  Marine  
  20  2:10  Marine  
  22  2:18  Factory  
  22  2:22  SCV  
  23  2:27  Marine  
  23  2:28  Marine  
  25  2:34  SCV  
  26  2:41  Refinery  
  26  2:45  Marine  
  26  2:46  Marine  
  26  2:49  SCV  
  29  2:53  Supply Depot  
  29  3:05  Orbital Command, Marine  
  29  3:06  Marine  
  29  3:12  Factory Reactor  
  30  3:21  Starport  
  30  3:22  SCV  
  31  3:28  Marine x2  
  33  3:34  SCV  
  34  3:45  Barracks  
  34  3:49  Engineering Bay  
  34  3:51  SCV x2  
  34  3:53  Marine  
  37  4:04  SCV x2  
  37  4:07  Engineering Bay  
  39  4:13  Supply Depot  
  39  4:16  SCV x2  
  41  4:18  Marine x2  
  43  4:34  Barracks Reactor  
  43  4:37  Barracks  
  43  4:38  SCV x2  
  45  4:40  Marine x2  
  45  4:43  Medivac  
  45  4:44  Medivac  
  51  4:52  Factory Tech Lab  
  35  5:11  Marine x3  
  35  5:12  Marine  
Tags
 
Add a new tag
Caveats
  • Supply blocks, unpowered buildings, or Contaminate may cause inaccurate times.
  • Supply counts are checked every 10 seconds.